 Dungeon Crawl Stone Soup version 0.32-a0-996-gb3226c2 (webtiles) character file.

Game seed: 11315486816556869210

94903 yapang the Scorcher (level 15, 0/107 (115) HPs)
             Began as a Red Draconian Conjurer on Apr 23, 2024.
             Was a High Priest of Vehumet.
             Killed from afar by a deep elf elementalist (29 damage)
             ... with a freezing blast
             ... on level 1 of the Elven Halls.
             The game lasted 01:01:25 (24997 turns).

yapang the Scorcher (Red Draconian Conjurer)       Turns: 24997, Time: 01:01:26

HP:   0/107 (115)   AC: 11    Str:  9    XL:     15   Next: 64%
MP:   4/30          EV: 18    Int: 25    God:    Vehumet [*****.]
Gold: 1209          SH:  5    Dex: 11    Spells: 2/36 levels left

rFire   + . .        c - staff of alchemy
rCold   . . .        x - +1 buckler
rNeg    . . .        (body armour unavailable)
rPois   +            (helmet restricted)
rElec   .            (no cloak)
rCorr   .            J - +0 pair of gloves
SInv    .            s - +0 pair of boots
Will    +....        f - amulet of magic regeneration
Stlth   ++           b - +5 ring of evasion
HPRegen 0.37/turn    H - ring of wizardry
MPRegen 0.62/turn

%: wizardry (x1)
@: drained
A: combustion breath, AC +9, unfitting armour, fire resistance 1, cold-blooded
a: Combustion Breath, Renounce Religion


You were on level 1 of the Elven Halls.
You worshipped Vehumet.
Vehumet was extremely pleased with you.
You visited 5 branches of the dungeon, and saw 21 of its levels.
You visited the Abyss 1 time.

You collected 2234 gold pieces.
You spent 1025 gold pieces at shops.

Inventory:

Armour
 s - a +0 pair of boots (worn)
 x - a +1 buckler (worn)
 J - a +0 pair of gloves (worn)
Magical Staves
 c - a staff of alchemy (weapon)
Jewellery
 b - a +5 ring of evasion (left hand)
 f - an amulet of magic regeneration (around neck)
 r - a +6 ring of dexterity
 H - a ring of wizardry (right hand)
 V - a ring of positive energy
 Z - a ring of resist corrosion
Wands
 o - a wand of light (12)
 v - a wand of warping (4)
 w - a wand of polymorph (17)
 M - a wand of mindburst (4)
 U - a wand of flame (8)
Scrolls
 g - 5 scrolls of blinking
 k - 8 scrolls of teleportation
 l - 5 scrolls of fear
 m - 5 scrolls of enchant weapon
 n - 5 scrolls of vulnerability
 q - 4 scrolls of poison
 y - 2 scrolls of revelation
 z - 2 scrolls of fog
 B - 5 scrolls of amnesia
 D - a scroll of noise
 G - a scroll of brand weapon
 L - a scroll of butterflies
 O - 2 scrolls of immolation
Potions
 a - 3 potions of magic
 d - a potion of heal wounds
 e - 3 potions of mutation
 h - 4 potions of brilliance
 i - 3 potions of lignification
 j - a potion of berserk rage
 p - 3 potions of haste
 C - 7 potions of might
 F - a potion of cancellation
 K - 3 potions of curing
 N - 4 potions of degeneration
 P - a potion of attraction
 W - a potion of enlightenment {unknown}
 Y - a potion of invisibility {unknown}


   Skills:
 - Level 6.0 Fighting
 - Level 2.0 Short Blades
 - Level 8.0 Dodging
 - Level 3.0 Stealth
 - Level 4.0 Shields
 + Level 11.4 Spellcasting
 - Level 12.0 Conjurations
 - Level 4.0 Translocations
 - Level 20.0 Fire Magic
 - Level 10.0 Alchemy
 - Level 4.0 Evocations


You had 2 spell levels left.
You knew the following spells:

 Your Spells              Type           Power      Damage    Failure   Level
a - Magic Dart            Conj           100%       1d8       1%          1
b - Searing Ray           Conj           100%       2d8       1%          2
c - Fulminant Prism       Conj/Alch      40%        3d19      1%          4
d - Iskenderun's Mystic   Conj/Tloc      53%        2d11      (+2d61%     4
e - Sticky Flame          Fire/Alch      93%        2d14      1%          4
f - Alistair's Intoxicat  Alch           51%        N/A       1%          5
g - Ignition              Fire           42%        3d12      1%          8
h - Starburst             Conj/Fire      38%        6d11      1%          6

Your spell library contained the following spells:

 Spells                   Type           Power      Damage    Failure   Level
 Apportation              Tloc           68%        N/A       1%          1
 Freeze                   Ice            56%        1d7       1%          1
 Kiss of Death            Conj/Necr      100%       2d13      1%          1
 Mercury Vapours          Alch/Air       100%       N/A       1%          2
 Ensorcelled Hibernation  Hex/Ice        28%        N/A       4%          2
 Jinxbite                 Hex            28%        N/A       4%          2
 Hailstorm                Conj/Ice       44%        3d9       1%          3
 Mephitic Cloud           Conj/Alch/Air  66%        N/A       1%          3
 Volatile Blastmotes      Fire/Tloc      100%       2d18      1%          3
 Ignite Poison            Fire/Alch      93%        N/A       1%          4
 Arcjolt                  Conj/Air       22%        1d32      1%          5
 Freezing Cloud           Conj/Ice/Air   17%        6-21      3%          5
 Call Canine Familiar     Summ           14%        N/A       8%          3
 Confusing Touch          Hex            14%        N/A       8%          3
 Passwall                 Erth           14%        N/A       8%          3
 Sigil of Binding         Hex            14%        N/A       8%          3
 Summon Ice Beast         Ice/Summ       14%        N/A       8%          3
 Swiftness                Air            14%        N/A       8%          3
 Conjure Ball Lightning   Conj/Air       22%        3x3d6     9%          6
 Dimensional Bullseye     Hex/Tloc       12%        N/A       11%         4
 Vhi's Electric Charge    Tloc/Air       48%        N/A       11%         4
 Dispel Undead            Necr           14%        3d10      24%         4
 Sculpt Simulacrum        Ice/Alch       28%        N/A       43%         6
 Metabolic Englaciation   Hex/Ice        7%         N/A       52%         5
 Gell's Gavotte           Tloc           17%        2d(19-28) 56%         6
 Permafrost Eruption      Ice/Erth       7%         2x4d3     58%         6
 Discord                  Hex            7%         N/A       100%        8
 Disjunction              Tloc           17%        N/A       100%        8


Dungeon Overview and Level Annotations

Branches:
Dungeon (12/15)            Temple (1/1) D:6            Lair (5/5) D:10
  Swamp (0/4) Lair:2        Snake (0/4) Lair:2        Slime (0/5) Lair:5
    Orc (2/2) D:11            Elf (1/3) Orc:2

Altars:
Ashenzari
Cheibriados
Dithmenos
Elyvilon
Fedhas
Gozag
Hepliaklqana
Kikubaaqudgha
Makhleb
Nemelex Xobeh
Okawaru
Qazlal
Ru
Sif Muna
Trog
Uskayaw
Vehumet
Wu Jian
Xom
Yredelemnul
Zin
The Shining One
Beogh
Jiyva

Shops:
D:3 *??[[   D:4 ?   D:10 :   Orc:2 [=*!

Annotations:
D:3 Pargi
Lair:1 2 transporters, bochi's ghost, journeyman OnIE


Innate Abilities, Weirdness & Mutations

You can breathe blasts of explosive embers.
Your fiery red scales are hard. (AC +9)
You cannot fit into any form of body armour.
Your flesh is heat resistant. (rF+)
You are cold-blooded and may be slowed by cold attacks.


Message History

Confirm with . or Enter, or press ? or * to list all spells.
Casting: Ignition (dangerous; 1% risk of failure)
Press: ? - help, Dir - look around, f - activate The air bursts into flame!
The fireball engulfs the deep elf elementalist!!
The deep elf elementalist is almost dead.
The fireball engulfs the deep elf elementalist!!
The deep elf elementalist is moderately wounded.
The deep elf elementalist barely misses you.
Casting: Ignition (dangerous; 1% risk of failure)
Confirm with . or Enter, or press ? or * to list all spells.
Aiming: Sticky Flame (safe; 1% risk of failure)
Press: ? - help, Shift-Dir - straight line, f - deep elf elementalist
Aim: a deep elf elementalist, wielding a +0 rapier and wearing a +0 leather armour (almost dead, fast, repelling missiles)
You feel a surge of power!
The sticky flame hits the deep elf elementalist!
The deep elf elementalist is almost dead.
The deep elf elementalist burns!
You kill the deep elf elementalist!
Vehumet accepts your kill.
Casting: Sticky Flame (safe; 1% risk of failure)
Confirm with . or Enter, or press ? or * to list all spells.
Okay, then.
Casting: Sticky Flame (safe; 1% risk of failure)
Confirm with . or Enter, or press ? or * to list all spells.
Casting: Alistair's Intoxication (mildly dangerous; 1% risk of failure)
Press: ? - help, Dir - look around, f - activate Look: a deep elf elementalist, wielding a +0 long sword and wearing a +0 ring mail (moderately wounded, repelling missiles, chance to confuse: 65%)
You feel a surge of power!
You attempt to intoxicate your foes!
Okay, then.
Aiming: Warp Space
Press: ? - help, Shift-Dir - straight line, f/p - deep elf elementalist
Aim: a deep elf elementalist, wielding a +0 long sword and wearing a +0 ring mail (moderately wounded, repelling missiles, chance to blink: 64%) Space twists violently!
The rupture engulfs the deep elf elementalist.
The deep elf elementalist blinks!
The deep elf elementalist is heavily wounded.
The deep elf elementalist gestures at you while chanting.
The freezing blast engulfs you!!
You die...

#.# ##.####### ##.##
## ##.## ### #..
#+##.## #.! .. +.#'##
#.#######
...############.#..)..
....'....... ...#$ยง.
...######### ##.#$#
#.#'## #..@.# ####.##
#.)'.# ##.## #..#.#
+## ##.## ##..#......
##.#####.#.#e....
##'##.'##.########
##........)......
+..............#
#.....##########


You could see a deep elf elementalist (repels missiles).

Vanquished Creatures
  A tentacled starspawn (Abyss:2)
  3 deep elf elementalists (Elf:1)
  An orc warlord (Orc:2)
  Louise (Elf:1)
  2 deep elf death magi (Elf:1)
  Nessos (Lair:3)
  Fannar (Lair:3)
  3 hydras
  3 dancing weapons (Elf:1)
  3 catoblepae
  A boulder beetle (Lair:1)
  Erica (D:9)
  A deep troll shaman (Lair:5)
  5 two-headed ogres
  4 hell hogs (Abyss:2)
  8 death yaks
  A thrashing horror (Abyss:2)
  3 orc high priests (Orc:2)
  Urug (Lair:3)
  4 deep elf knights (Elf:1)
  Sonja (Lair:3)
  Amaemon (Lair:1)
  2 skysharks
  4 deep elf archers (Elf:1)
  A sixfirhy (Abyss:2)
  A spriggan simulacrum (Abyss:2)
  7 deep elf zephyrmancers (Elf:1)
  2 lindwurms
  6 deep elf pyromancers (Elf:1)
  6 orc knights (Orc:2)
  2 obsidian bats (Orc:1)
  3 large abominations (Abyss:2)
  A necromancer (Abyss:2)
  An ugly thing (D:11)
  5 orc sorcerers
  A cyclops (D:12)
  5 elephants (Lair:5)
  2 kobold blastminers (Orc:2)
  A draconian skeleton (Abyss:2)
  An orange demon (Lair:1)
  4 black mambas
  An apocalypse crab (Abyss:2)
  18 cane toads
  2 gargoyles
  An unseen horror (D:11)
  2 torpor snails (Lair:2)
  Jeremiah (D:8)
  7 rime drakes
  4 komodo dragons
  2 ancient zymes (Abyss:2)
  4 polar bears
  7 trolls
  A tyrant leech (Lair:2)
  9 dream sheep
  10 blink frogs
  Prince Ribbit (D:6)
  2 vampires
  A water elemental (Elf:1)
  A shadow (D:11)
  2 wraiths
  A fire elemental (Elf:1)
  53 yaks
  8 basilisks
  2 vampire mosquitoes (D:12)
  6 wyverns
  2 golden eyes (Abyss:2)
  2 wargs (Orc:1)
  2 swamp worms (Lair:2)
  Menkaure (D:5)
  A hydra simulacrum (Abyss:2)
  2 acid dragons
  17 water moccasins
  6 black bears
  2 ice beasts (D:8)
  2 sky beasts (D:8)
  23 orc warriors
  8 ogres
  23 wolves
  A centaur (D:9)
  2 phantoms (D:5)
  2 kobold brigands
  A weeping skull (Abyss:2)
  8 bullfrogs
  2 earth elementals (Elf:1)
  4 scorpions
  A small abomination (Abyss:2)
  17 wights
  16 killer bees
  2 howler monkeys
  A bombardier beetle (D:5)
  5 hounds
  A quasit (Abyss:2)
  A gnoll bouda (D:9)
  3 jellies
  30 orc priests
  2 sleepcaps
  Ijyb (D:5)
  11 hell rats
  8 iguanas
  30 orc wizards
  Robin (D:2)
  5 adders
  9 gnolls
  2 white imps
  4 ufetubi (Abyss:2)
  2 ribbon worms
  A dart slug (D:2)
  69 orcs
  2 bats
  6 endoplasms
  2 giant cockroaches
  18 goblins
  7 hobgoblins
  3 jackals (D:1)
  A quokka (D:1)
  4 ball pythons
  4 frilled lizards
  29 kobolds
  4 rats
  3 starspawn tentacles (Abyss:2)
667 creatures vanquished.

Vanquished Creatures (others)
  An orc wizard (D:9)
  125 fulminant prisms
126 creatures vanquished.

Grand Total: 793 creatures vanquished

Notes
Turn   | Place    | Note
-------+----------+-------------------------------------------
     0 | D:1      | yapang the Draconian Conjurer began the quest for the Orb.
     0 | D:1      | Reached XP level 1. HP: 14/14 MP: 3/3
   222 | D:1      | Reached XP level 2. HP: 20/20 MP: 2/5
  1048 | D:2      | Reached XP level 3. HP: 26/26 MP: 3/7
  1354 | D:2      | Noticed Robin
  1425 | D:2      | Reached skill level 1 in Short Blades
  1440 | D:2      | Killed Robin
  1718 | D:3      | Noticed Pargi
  1908 | D:4      | Reached XP level 4. HP: 33/33 MP: 6/8
  1951 | D:4      | Learned a level 2 spell: Searing Ray
  2147 | D:4      | Reached skill level 5 in Conjurations
  2306 | D:4      | Found Obyjuown's Magic Scroll Boutique.
  2310 | D:4      | Bought a scroll of teleportation for 30 gold pieces
  2310 | D:4      | Bought a scroll of blinking for 75 gold pieces
  2310 | D:4      | Bought a scroll of identify for 20 gold pieces
  2310 | D:4      | Bought a scroll of poison for 40 gold pieces
  2322 | D:4      | Noticed an ogre
  2337 | D:4      | Noticed a kobold brigand
  2338 | D:4      | Killed an ogre
  2339 | D:4      | Reached XP level 5. HP: 38/38 MP: 1/9
  2372 | D:4      | Reached XP level 6. HP: 31/45 MP: 1/10
  3017 | D:5      | Entered Level 5 of the Dungeon
  3023 | D:5      | Learned a level 4 spell: Fulminant Prism
  3135 | D:5      | Reached skill level 1 in Alchemy
  3228 | D:5      | Your scales start taking on a fiery red colour.
  3228 | D:5      | Reached XP level 7. HP: 45/50 MP: 0/11
  3228 | D:5      | Gained mutation: Your flesh is heat resistant. (rF+) [Red
                  | Draconian growth]
  3664 | D:5      | Noticed Menkaure
  3669 | D:5      | Killed Menkaure
  3951 | D:5      | Noticed Ijyb
  3963 | D:5      | Killed Ijyb
  4109 | D:5      | Reached skill level 5 in Alchemy
  4109 | D:5      | Reached XP level 8. HP: 57/57 MP: 11/15
  4684 | D:6      | Found a staircase to the Ecumenical Temple.
  4691 | Temple   | Entered the Ecumenical Temple
  4704 | Temple   | Became a worshipper of Vehumet
  4743 | D:6      | Reached skill level 5 in Spellcasting
  4870 | D:6      | Reached skill level 1 in Shields
  5559 | D:6      | Noticed Prince Ribbit
  5568 | D:6      | Killed Prince Ribbit
  5848 | D:7      | Reached XP level 9. HP: 55/62 MP: 13/18
  5899 | D:7      | Reached * piety under Vehumet
  5899 | D:7      | Offered knowledge of Shock by Vehumet.
  6805 | D:8      | Noticed Jeremiah
  6816 | D:8      | Killed Jeremiah
  6849 | D:8      | Reached skill level 10 in Conjurations
  6849 | D:8      | Reached skill level 1 in Evocations
  7196 | D:8      | Reached XP level 10. HP: 59/69 MP: 8/19
  7535 | D:8      | Identified the +3 halberd "Arbiter" {holy, ^Drain rN++
                  | Int+3}
  7741 | D:8      | Learned a level 4 spell: Iskenderun's Mystic Blast
  7746 | D:8      | Learned a level 4 spell: Sticky Flame
  7788 | D:9      | Offered knowledge of Sandblast by Vehumet.
  7788 | D:9      | Reached ** piety under Vehumet
  7807 | D:9      | Reached skill level 1 in Fire Magic
  7907 | D:9      | Identified the +2 dagger of the Hidden Vale {heavy, rCorr
                  | Str+3}
  7922 | D:9      | Noticed a two-headed ogre
  7939 | D:9      | Killed a two-headed ogre
  7940 | D:9      | Reached skill level 3 in Fire Magic
  8173 | D:9      | Reached skill level 4 in Fire Magic
  8234 | D:9      | Identified the +5 scimitar of Revolt {holy, ^Fragile rN+
                  | Will++ Str+3}
  8234 | D:9      | Noticed Erica
  8242 | D:9      | Killed Erica
  8999 | D:10     | Entered Level 10 of the Dungeon
  9049 | D:10     | Offered knowledge of Momentum Strike by Vehumet.
  9214 | D:3      | Found Hiedaiq's Magic Scroll Shoppe.
  9214 | D:3      | Found Wahig's Magic Scroll Emporium.
  9218 | D:3      | Bought a scroll of blinking for 90 gold pieces
  9218 | D:3      | Bought a scroll of amnesia for 48 gold pieces
  9221 | D:3      | Bought a scroll of blinking for 105 gold pieces
  9249 | D:3      | Found Vussolaqu's Assorted Antiques.
  9255 | D:3      | Bought a copper wand for 112 gold pieces
  9255 | D:3      | Bought a yellow potion for 25 gold pieces
  9611 | D:3      | Found Appoosiw's Armour Shoppe.
  9611 | D:3      | Found Unlud's Antique Armour Shop.
  9908 | D:10     | Found a staircase to the Lair.
  9915 | D:10     | Noticed a two-headed ogre
  9931 | D:10     | Killed a two-headed ogre
  9932 | D:10     | Reached XP level 11. HP: 84/84 MP: 10/21
 10158 | D:10     | Found a glowing silver altar of Zin.
 10243 | D:10     | Found Nusuypn's Book Shoppe.
 11158 | D:11     | Found a staircase to the Orcish Mines.
 11174 | D:11     | Reached *** piety under Vehumet
 11774 | D:11     | Noticed a brown ugly thing
 11788 | D:11     | Killed a brown ugly thing
 11957 | Lair:1   | Entered Level 1 of the Lair of Beasts
 11999 | Lair:1   | Noticed a boulder beetle
 12297 | Lair:1   | Killed a boulder beetle
 12415 | Lair:1   | Offered knowledge of Inner Flame by Vehumet.
 12483 | Lair:1   | Noticed bochi's ghost (journeyman OnIE)
 12484 | Lair:1   | Noticed a spriggan rider
 12485 | Lair:1   | Noticed a spriggan rider
 12492 | Lair:1   | Found a transporter.
 12492 | Lair:1   | Identified the +3 hand axe of Cocytus {spect, MP+9 Int-4
                  | Dex+3}
 12497 | Lair:1   | Found a bloodstained altar of Trog.
 12500 | Lair:1   | Found a transporter.
 12511 | Lair:1   | Reached skill level 5 in Fire Magic
 12515 | Lair:1   | Reached skill level 6 in Fire Magic
 12591 | Lair:1   | Found a frozen archway.
 12704 | Lair:1   | Noticed Amaemon
 12708 | Lair:1   | Killed Amaemon
 12709 | Lair:1   | Reached skill level 8 in Fire Magic
 12727 | Lair:1   | Reached skill level 9 in Fire Magic
 12727 | Lair:1   | Reached XP level 12. HP: 57/91 MP: 13/24
 13128 | Lair:1   | Reached **** piety under Vehumet
 13282 | Lair:1   | Reached skill level 10 in Fire Magic
 13525 | Lair:2   | Offered knowledge of Dazzling Flash by Vehumet.
 13655 | Lair:2   | Reached skill level 5 in Dodging
 13794 | Lair:2   | Noticed a catoblepas
 13814 | Lair:2   | Killed a catoblepas
 13920 | Lair:2   | Noticed a catoblepas
 13933 | Lair:2   | Killed a catoblepas
 14363 | Lair:2   | Reached skill level 5 in Fighting
 14378 | Lair:2   | Reached ***** piety under Vehumet
 14548 | Lair:2   | Found a staircase to the Snake Pit.
 14701 | Lair:2   | Got the Tome of the Wendigo
 14772 | Lair:2   | Noticed a four-headed hydra
 14782 | Lair:2   | Killed a six-headed hydra
 14783 | Lair:2   | Reached XP level 13. HP: 43/101 MP: 13/25
 15162 | Lair:2   | Found a staircase to the Swamp.
 15186 | Lair:2   | Reached skill level 11 in Fire Magic
 15628 | Lair:3   | Noticed Fannar
 15636 | Lair:3   | Killed Fannar
 15914 | Lair:3   | You fall into a shaft and drop 2 floors!
 15914 | Lair:5   | Entered Level 5 of the Lair of Beasts
 15934 | Lair:5   | Offered knowledge of Ozocubu's Refrigeration by Vehumet.
 15938 | Lair:5   | Reached skill level 12 in Fire Magic
 16402 | Lair:4   | Reached skill level 13 in Fire Magic
 16598 | Lair:4   | Identified the +1 hand axe "Kuck" {holy, rN++ Str+4}
 16943 | Lair:4   | Reached skill level 14 in Fire Magic
 17448 | Lair:3   | Reached skill level 15 in Fire Magic
 17766 | Lair:3   | Noticed Urug
 17782 | Lair:3   | Killed Urug
 18041 | Lair:3   | Found a stormy altar of Qazlal.
 18224 | Lair:3   | Noticed Nessos
 18357 | Lair:5   | Learned a level 5 spell: Alistair's Intoxication
 18747 | Lair:5   | Reached skill level 16 in Fire Magic
 18769 | Lair:5   | Reached XP level 14. HP: 103/110 MP: 11/26
 19616 | Lair:5   | Found a viscous altar of Jiyva.
 19617 | Lair:5   | Found a staircase to the Slime Pits.
 20073 | Lair:3   | Noticed Sonja
 20080 | Lair:3   | Killed Nessos
 20081 | Lair:3   | Killed Sonja
 20445 | D:12     | Learned a level 8 spell: Ignition
 20682 | D:12     | Got the Tome of Flying Refrigeration
 20752 | D:12     | Reached skill level 17 in Fire Magic
 21214 | D:12     | Reached skill level 10 in Alchemy
 21637 | Orc:1    | Entered Level 1 of the Orcish Mines
 21638 | Orc:1    | Offered knowledge of Irradiate by Vehumet.
 21644 | Orc:1    | Found a roughly hewn altar of Beogh.
 22056 | Orc:2    | Entered Level 2 of the Orcish Mines
 22056 | Orc:2    | Found a staircase to the Elven Halls.
 22225 | Orc:2    | Noticed an orc warlord
 22227 | Orc:2    | Reached skill level 18 in Fire Magic
 22241 | Orc:2    | Killed an orc warlord
 22459 | Orc:2    | Found Bul Vyf's Distillery.
 22466 | Orc:2    | Found Oclo's Assorted Antiques.
 22471 | Orc:2    | Reached skill level 19 in Fire Magic
 22474 | Orc:2    | Found Hopuk's Jewellery Emporium.
 22553 | Orc:2    | Bought a potion of heal wounds for 60 gold pieces
 22558 | Orc:2    | Found Moxif's Armour Boutique.
 22569 | Orc:2    | Bought an amulet of magic regeneration for 420 gold pieces
 22613 | Orc:2    | Found a burning altar of Makhleb.
 22831 | Orc:1    | Paralysed by an orc sorcerer for 3 turns
 23365 | Elf:1    | Entered Level 1 of the Elven Halls
 23384 | Elf:1    | Noticed Louise
 23607 | Abyss:2  | Cast into level 2 of the Abyss (Louise)
 23673 | Abyss:2  | Offered knowledge of Starburst by Vehumet.
 23698 | Abyss:2  | Reached XP level 15. HP: 102/115 MP: 19/27
 23704 | Abyss:2  | Found a corrupted altar of Lugonu.
 23821 | Abyss:2  | Found a corrupted altar of Lugonu.
 23998 | Abyss:2  | HP: 5/115 [hell hog/fireball (10)]
 24161 | Abyss:2  | Noticed a tentacled starspawn
 24166 | Abyss:2  | Killed a tentacled starspawn
 24186 | Elf:1    | Escaped the Abyss
 24192 | Elf:1    | Killed Louise
 24311 | Elf:1    | Reached skill level 10 in Spellcasting
 24326 | Elf:1    | Learned a level 6 spell: Starburst
 24617 | Elf:1    | Reached skill level 20 in Fire Magic
 24997 | Elf:1    | Killed from afar by a deep elf elementalist

Illustrated notes

Levels and vault maps discovered:
D:1:      dpeg_arrival_orchard, layout_loops_cross, chequers_garden
D:2:      layout_basic, uniq_robin
D:3:      layout_loops_ring, serial_shops, nicolae_shop_trees, shop, shop, shop,
          shop, grunt_decor_junction, uniq_pargi
D:4:      kennysheep_kobold_camp, layout_basic, serial_shops,
          nicolae_shop_back_alley_shop
D:5:      layout_basic, uniq_ijyb, uniq_menkaure
D:6:      layout_loops_cross, minmay_temple_entry_statues_fountains,
          chequers_serial_rivers_micro_d, minmay_fractal_squares_gapless_5,
          uniq_prince_ribbit1
D:7:      layout_loops_ring, minmay_misc_feat_tiny
D:8:      layout_rooms, uniq_jeremiah
D:9:      layout_gridville, uniq_erica
D:10:     layout_cave_pools, kennysheep_little_box, dpeg_oklobed_lair,
          serial_column_ruins, column_ruins_hut_ruined,
          column_ruins_corridor_corner, column_ruins_grid_4,
          column_ruins_columns_straight, column_ruins_grid_2, serial_shops,
          shop_statue
D:11:     layout_basic, orc_0_dummy
D:12:     layout_long_grid
Temple:   nicolae_temple_bog_church
Lair:1:   layout_roguey, gammafunk_ghost_wrathful_warriors,
          portal_ice_cave_rime, lemuel_fruit_tree, uniq_amaemon
Lair:2:   regret_index_malice_mire, layout_regular_city,
          palyth_hydra_swamp_entry, minmay_snake_entry_six_corridors,
          st_stairs_10, serial_bayou_shore_a
Lair:3:   layout_cave_pods, basic_altar, uniq_urug, uniq_sonja, uniq_nessos,
          uniq_fannar
Lair:4:   layout_loops_ring
Lair:5:   grunt_lair_end_beastmaster, layout_regular_city, slime_entry_2
Orc:1:    layout_diamond_mine, basic_altar
Orc:2:    st_orc_elflike, layout_caves, bloody_makhleb
Elf:1:    layout_geoelf_diagonals, basic_altar, guppyfry_library_mini,
          grunt_ministairs_11, st_stairs_6, uniq_frances, uniq_louise

Skill      XL: |  1  2  3  4  5  6  7  8  9 10 11 12 13 14 15 |
---------------+----------------------------------------------+-----
Spellcasting   | 3 4 6 7 8 11 | 11.4
Short Blades   | 1 2 |  2.0
Conjurations   | 5 6 7 10 12 | 12.0
Alchemy        | 3 5 6 7 8 10 | 10.0
Shields        | 4 |  4.0
Evocations     | 3 4 |  4.0
Fire Magic     | 4 9 10 16 19 20 | 20.0
Translocations | 4 |  4.0
Fighting       | 4 5 6 |  6.0
Dodging        | 8 |  8.0
Stealth        | 3 |  3.0

Action                     |  1- 3 |  4- 6 |  7- 9 | 10-12 | 13-15 || total
---------------------------+-------+-------+-------+-------+-------++-------
  Melee: Unarmed           |    45 |       |       |       |       ||    45
         Dagger            |     7 |       |       |       |       ||     7
         Tailslap          |     8 |     9 |     7 |    25 |    53 ||   102
         Short sword       |    44 |    66 |    49 |    11 |       ||   170
         Scimitar          |       |       |       |   114 |   101 ||   215
         Staff             |       |       |       |       |   106 ||   106
   Cast: Magic Dart        |    70 |    46 |    28 |    77 |    25 ||   246
         Searing Ray       |       |    13 |    55 |    44 |    10 ||   122
         Fulminant Prism   |       |       |     4 |    58 |    63 ||   125
         Sticky Flame      |       |       |       |    50 |   123 ||   173
         Iskenderun's Myst |       |       |       |     5 |    39 ||    44
         Ignition          |       |       |       |       |    50 ||    50
         Alistair's Intoxi |       |       |       |       |     4 ||     4
         Starburst         |       |       |       |       |     6 ||     6
Ability: Combustion Breath |       |       |     6 |     6 |    10 ||    22
  Evoke: Wand              |       |     2 |     2 |       |    17 ||    21
    Use: Scroll            |       |       |       |       |    23 ||    23
         Potion            |       |       |       |       |     3 ||     3
   Stab: Invisible         |       |     4 |       |       |       ||     4
         Distracted        |       |       |       |       |     1 ||     1
 Armour: Skin              |    42 |    46 |    66 |   177 |   266 ||   597
  Dodge: Dodged            |   103 |    56 |   101 |   182 |   418 ||   860
  Block: Buckler           |       |       |    29 |    70 |   103 ||   202

Table legend: (Time is in decaauts)
 A = Elapsed time spent in this place.
 B = Non-inter-level travel time spent in this place.
 C = Inter-level travel time spent in this place.
 D = Time resting spent in this place.
 E = Time spent auto-exploring this place.
 F = Levels seen in this place.
 G = Mean time per level.
                   A        B        C        D        E       F      G
               +--------+--------+--------+--------+--------+-----+--------+
         Total |  25146 |  24005 |   1141 |   2857 |  17347 |  22 | 1143.0 |
       Dungeon |  13454 |  12619 |    835 |    910 |  10019 |  12 | 1121.2 |
        Temple |     26 |      1 |     25 |      0 |      0 |   1 |   26.0 |
          Lair |   8392 |   8198 |    194 |   1188 |   5683 |   5 | 1678.4 |
  Orcish Mines |   1840 |   1755 |     85 |    361 |   1100 |   2 |  920.0 |
   Elven Halls |    848 |    848 |      0 |    107 |    544 |   1 |  848.0 |
         Abyss |    583 |    583 |      0 |    291 |      0 |   1 |  583.0 |
               +--------+--------+--------+--------+--------+-----+--------+

Top non-repeatable levels by time:
  Lair:2: 2186 daAuts
  Lair:5: 1952 daAuts
    D:11: 1706 daAuts
     D:5: 1657 daAuts
  Lair:1: 1575 daAuts
  Lair:3: 1522 daAuts
     D:4: 1302 daAuts
    D:12: 1198 daAuts
     D:6: 1168 daAuts
  Lair:4: 1155 daAuts
     D:7: 1120 daAuts
     D:8: 1109 daAuts
     D:9: 1093 daAuts
   Orc:2: 945 daAuts
   Orc:1: 895 daAuts
